 Dungeon Crawl Stone Soup version 0.26.0-10-g1f06aea511 (webtiles) character file.

Game seed: 17096923046488716812

445 night the Chopper (level 6, 0/84 HPs)
             Began as a Palentonga Fighter on Jan 23, 2021.
             Succumbed to an orc wizard's poison
             ... on level 3 of the Dungeon.
             The game lasted 00:05:55 (2753 turns).

night the Chopper (Palentonga Fighter)              Turns: 2753, Time: 00:05:56

Health: 0/84       AC:  7    Str: 21    XL:     6   Next: 72%
Magic:  6/6        EV:  5    Int:  9    God:
Gold:   186        SH:  9    Dex:  9    Spells: 5/5 levels left

rFire    . . .     SeeInvis +   a - +0 war axe
rCold    . . .     Faith    .   c - +0 kite shield
rNeg     . . .     Spirit   .   b - +0 scale mail
rPois    .         Reflect  .   t - +0 helmet
rElec    .         Harm     .   (no cloak)
rCorr    .         Rampage  .   (no gloves)
Will     .....                  (no barding)
Stlth    ..........             (no amulet)
HPRegen  0.24/turn              j - ring of wizardry
MPRegen  0.10/turn              w - +4 ring of slaying

@: berserking (expiring), lethally poisoned (0 -> -24), attractive, very quick
A: large, rugged brown scales 3, see invisible, deformed body, roll 1, armoured
tail
a: Rolling Charge


You were on level 3 of the Dungeon.
You visited 1 branch of the dungeon, and saw 4 of its levels.

You collected 186 gold pieces.

Inventory:

Hand Weapons
 a - a +0 war axe (weapon)
Missiles
 e - 49 sling bullets
 f - 7 boomerangs
 k - 52 stones
 q - 4 javelins
 r - 70 arrows
 y - 10 bolts
 z - 11 poisoned darts
Armour
 b - a +0 scale mail (worn)
 c - a +0 kite shield (worn)
 t - a +0 helmet (worn)
Jewellery
 j - a ring of wizardry (left hand)
 w - a +4 ring of slaying (right hand)
Wands
 x - a wand of polymorph (6)
Scrolls
 g - 3 scrolls of remove curse {unknown}
 h - a scroll of magic mapping {unknown}
 i - 5 scrolls of identify {unknown}
 l - a scroll of random uselessness {unknown}
 n - 3 scrolls of teleportation {unknown}
 o - 2 scrolls of amnesia {unknown}
 s - a scroll of fear {unknown}
Potions
 d - 4 potions of might
 p - a potion of curing
 u - a potion of degeneration {unknown}


   Skills:
 + Level 4.5 Fighting
 * Level 5.3 Axes
 - Level 2.4 Armour
 + Level 3.8 Shields


You had 5 spell levels left.
You didn't know any spells.
Your spell library was empty.

Dungeon Overview and Level Annotations

Branches:
Dungeon (4/15)
 Temple: D:4-7

Altars:
Ashenzari
Qazlal
Sif Muna
Trog
Yredelemnul


Innate Abilities, Weirdness & Mutations

You are completely covered in rugged brown scales. (AC +3, +7% HP)
You have supernaturally acute eyesight. (SInv)
Armour fits poorly on your strangely shaped body.
You can roll at nearby foes to attack.
You have a long armoured tail.


Message History

The orc wizard is heavily wounded.
* * * LOW HITPOINT WARNING * * *
You feel very sick.
The orc wizard hits you but does no damage.
You are more poisoned.
You barely miss the orc wizard.
The orc wizard is heavily wounded.
* * * LOW HITPOINT WARNING * * *
You feel sick. The orc wizard completely misses you.
You slice the orc wizard!!
You kill the orc wizard!
* * * LOW HITPOINT WARNING * * *
You feel sick.
You are too berserk!
* * * LOW HITPOINT WARNING * * *
You feel sick.
You feel a strong urge to attack something.
* * * LOW HITPOINT WARNING * * *
You feel sick.
You die...

########## #........# ### #######
#........# #_# ......##
#........# ##.##
.......###........# ##...###
##................###### #..#..#.
..................'.)..# #.###†##
##[............[.)####.###.###.#
..<............[@†# #.##..._#.##
#....#...####.##### ###_....#..'
######.#†####.# ##..._#.##
...........##.############.###.##
###........##............#.###.#
#........##............#..#..##
###........##............##...##.
....#####.###....).......###.##.#
....# #.###............#.#_##.#


There were no monsters in sight!

Vanquished Creatures
  2 ogres
  2 orc wizards (D:3)
  2 worker ants
  8 adders
  3 oozes
  An ufetubus (D:2)
  A worm (D:2)
  A dart slug (D:2)
  3 leopard geckos
  7 orcs (D:3)
  7 bats
  8 giant cockroaches
  8 goblins
  5 hobgoblins
  A jackal (D:3)
  2 quokkas (D:2)
  3 frilled lizards
  6 kobolds
  12 rats
82 creatures vanquished.

Notes
Turn   | Place    | Note
-------+----------+-------------------------------------------
     0 | D:1      | night the Palentonga Fighter began the quest for the Orb.
     0 | D:1      | Reached XP level 1. HP: 20/20 MP: 1/1
   194 | D:1      | Reached XP level 2. HP: 27/27 MP: 2/2
   901 | D:2      | Reached XP level 3. HP: 33/33 MP: 3/3
   913 | D:2      | Reached skill level 3 in Axes
  1101 | D:2      | HP: 1/33 [ufetubus (3)]
  1105 | D:2      | Reached XP level 4. HP: 12/40 MP: 4/4
  2119 | D:3      | Noticed an ogre
  2123 | D:3      | Reached skill level 4 in Axes
  2123 | D:3      | Reached XP level 5. HP: 47/49 MP: 5/5
  2124 | D:3      | Killed an ogre
  2371 | D:3      | Found a basalt altar of Yredelemnul.
  2371 | D:3      | Found a broken altar of Ashenzari.
  2381 | D:3      | Found a stormy altar of Qazlal.
  2383 | D:3      | Found a shimmering blue altar of Sif Muna.
  2385 | D:3      | Found a bloodstained altar of Trog.
  2565 | D:4      | Reached XP level 6. HP: 48/55 MP: 6/6
  2601 | D:4      | Reached skill level 5 in Axes
  2750 | D:3      | HP: 4/84 [poisoned by an orc wizard]
  2753 | D:3      | Succumbed to an orc wizard's poison

Illustrated notes

Levels and vault maps discovered:
D:1:      psy_arrival_conway, layout_rooms, minmay_vboxes
D:2:      layout_basic
D:3:      layout_basic, chequers_temple_overflow_minitemple
D:4:      layout_rooms, uniq_crazy_yiuf_cottage

Skill      XL: |  1  2  3  4  5  6 |
---------------+-------------------+-----
Axes           | 3 4 5 |  5.3
Shields        | 3 |  3.8
Fighting       | 4 |  4.5
Armour         | |  2.4

Action                   |  1- 3 |  4- 6 || total
-------------------------+-------+-------++-------
Melee: War axe           |   118 |   111 ||   229
       Tailslap          |    10 |    17 ||    27
 Abil: Rolling Charge    |     6 |    11 ||    17
  Use: Potion            |     3 |     2 ||     5
Armor: Scale mail        |    86 |    74 ||   160
Dodge: Dodged            |    39 |    30 ||    69
Block: Kite shield       |    86 |    50 ||   136
